 Dungeon Crawl Stone Soup version 0.31-a0-1147-g46bab52692 (webtiles) character file.

Game seed: 6663278308381797510

323 MacCMillion the Chopper (level 6, -6/51 HPs)
             Began as a Ghoul Fighter on Dec 7, 2023.
             Mangled by an ogre
             ... wielding a +0 giant spiked club
              (27 damage)
             ... on level 4 of the Dungeon.
             The game lasted 00:04:08 (2758 turns).

MacCMillion the Chopper (Ghoul Fighter)             Turns: 2758, Time: 00:04:08

Health: -6/51      AC:  6    Str: 22    XL:     6   Next: 47%
Magic:  0/5        EV:  9    Int:  7    God:
Gold:   147        SH:  4    Dex:  8    Spells: 5/5 levels left

rFire   . . .        a - +0 war axe
rCold   + . .        c - +0 buckler
rNeg    + + +        b - +0 scale mail
rPois   ∞            (no helmet)
rElec   .            (no cloak)
rCorr   .            (no gloves)
SInv    .            (no boots)
Will    .....        m - amulet of guardian spirit Stlth
                     (no ring)
HPRegen 0.00/turn    (no ring)
MPRegen 0.09/turn

%: guardian spirit
@: inhibited regen
A: claws 1, cold resistance 1, negative energy resistance 3, inhibited
regeneration, torment resistance 2, devour on kill
a: no special abilities


You were on level 4 of the Dungeon.
You visited 1 branch of the dungeon, and saw 4 of its levels.

You collected 147 gold pieces.

Inventory:

Hand Weapons
 a - a +0 war axe (weapon)
Armour
 b - a +0 scale mail (worn)
 c - a +0 buckler (worn)
Jewellery
 i - a ring of fire
 m - an amulet of guardian spirit (around neck)
Scrolls
 e - 5 scrolls of identify {unknown}
 g - a scroll of fog {unknown}
 h - a scroll of teleportation {unknown}
 j - 2 scrolls of enchant armour {unknown}
 o - a scroll of noise {unknown}
 r - a scroll of immolation {unknown}
Potions
 d - 2 potions of might
 f - 2 potions of mutation {unknown}
 k - a potion of lignification {unknown}
 l - a potion of invisibility {unknown}
 n - 2 potions of heal wounds {unknown}
 p - 2 potions of curing {unknown}
 q - a potion of resistance {unknown}


   Skills:
 - Level 3.2 Fighting
 + Level 5.3 Axes
 - Level 2.6 Armour
 - Level 4.0 Shields


You had 5 spell levels left.
You didn't know any spells.
Your spell library contained the following spells:

 Spells                   Type           Power      Damage    Failure   Level
 Cigotuvi's Dreadful Rot  Necr/Pois/Air  0%         N/A       92%         2
 Ignite Poison            Fire/Tmut/Pois 0%         N/A       99%         3
 Freezing Cloud           Conj/Ice/Air   0%         6-21      100%        5


Dungeon Overview and Level Annotations

Branches:
Dungeon (4/15)
 Temple: D:4-7

Altars:

Shops:
D:1 [*=


Innate Abilities, Weirdness & Mutations

You are immune to poison.
You have sharp fingernails.
Your flesh is cold resistant. (rC+)
You are immune to negative energy. (rN+++)
You do not regenerate when monsters are visible.
You are immune to unholy pain and torment.
You thrive by killing the living.


Message History

You block the adder's attack. The gnoll bouda barely misses you.
The adder bites you but does no damage.
You barely miss the gnoll bouda.
The gnoll bouda is heavily wounded.
You barely miss the adder.
Your attacks no longer feel as feeble.
You block the adder's attack.
The gnoll bouda hits you with a +0 club.
You slash the gnoll bouda!
The gnoll bouda is almost dead.
You barely miss the adder. The adder bites you. The gnoll bouda misses you.
The adder bites you but does no damage.
You slash the adder!
You kill the adder!
You slash the gnoll bouda!
You kill the gnoll bouda!
You see here an adder corpse.
You hit the gnoll.
The gnoll is moderately wounded.
The gnoll hits you with a +0 flail! The gnoll barely misses you.
You hit the gnoll.
The gnoll is heavily wounded.
The gnoll closely misses you.
You slash the gnoll!
You kill the gnoll!
There is a stone staircase leading down here.
You see here a +0 flail.
You start resting.
Magic restored.
HP restored.
You climb downwards.
The gnoll barely misses you.
The ogre hits you with a +0 giant spiked club!!
The iguana bites you.
The iguana bites you but does no damage.
The gnoll hits you from afar with a +0 halberd!
The gnoll hits you with a +0 whip.
There is a stone staircase leading up here.
The ogre hits you with a +0 giant spiked club!!
Ouch! That really hurt!
You die...

#........
#........
#........
#........
#........
#######........
......gl.......
......O@.......
...............
##
....gg.........
#.
...............
#.
...[...########
#. ####'## #.
..
...####+####.
...
..........##.
..........###


You could see an ogre, an iguana and 3 gnolls.

Vanquished Creatures
  2 scorpions
  A gnoll bouda (D:3)
  A sleepcap (D:4)
  An iguana (D:4)
  A gnoll (D:3)
  5 adders
  A worm (D:4)
  3 orcs
  4 endoplasms
  3 giant cockroaches
  9 hobgoblins
  9 jackals
  2 quokkas (D:1)
  4 ball pythons
  6 bats
  6 frilled lizards
  5 goblins
  2 kobolds
  4 rats
69 creatures vanquished.

Notes
Turn   | Place    | Note
-------+----------+-------------------------------------------
     0 | D:1      | MacCMillion the Ghoul Fighter began the quest for the Orb.
     0 | D:1      | Reached XP level 1. HP: 19/19 MP: 0/0
    51 | D:1      | Found Nerph's Antique Armour Emporium.
   158 | D:1      | Found Push's Assorted Antiques.
   240 | D:1      | Reached skill level 2 in Axes
   330 | D:1      | Reached XP level 2. HP: 24/26 MP: 1/1
   397 | D:1      | Found Bomie's Jewellery Boutique.
   460 | D:1      | Reached XP level 3. HP: 31/31 MP: 2/2
  1211 | D:2      | Reached XP level 4. HP: 38/38 MP: 3/3
  1253 | D:2      | Reached skill level 3 in Axes
  1667 | D:3      | Noticed a scorpion
  1680 | D:3      | Killed a scorpion
  1681 | D:3      | Reached XP level 5. HP: 33/45 MP: 2/4
  2260 | D:4      | Noticed an ogre
  2416 | D:4      | Reached skill level 4 in Axes
  2432 | D:4      | Reached XP level 6. HP: 48/51 MP: 5/5
  2496 | D:4      | Reached skill level 5 in Axes
  2519 | D:4      | Noticed an orc warrior
  2758 | D:4      | Mangled by an ogre

Illustrated notes

Levels and vault maps discovered:
D:1:      dpeg_arrival_long_road, layout_loops_ring, serial_shops,
          nicolae_shop_tiny_real_fake_doors, shop_fountains, shop, minivault_23,
          chequers_serial_rivers_large_b, minivault_23
D:2:      layout_loops_ring, reono_crystal_passage, kennysheep_nondescript,
          dreamdust_princess_bridge, chequers_garden
D:3:      layout_loops_ring, hangedman_decor_growths
D:4:      layout_gridville, grunt_temple_overflow_open,
          nicolae_hepliaklqana_monster_ancestors, corexii_leaking_fountain

Skill      XL: |  1  2  3  4  5  6 |
---------------+-------------------+-----
Axes           | 2 3 4 5 |  5.3
Shields        | 3 4 |  4.0
Fighting       | |  3.2
Armour         | |  2.6

Action                     |  1- 3 |  4- 6 || total
---------------------------+-------+-------++-------
  Melee: War axe           |    92 |   127 ||   219
 Armour: Scale mail        |    72 |   104 ||   176
  Dodge: Dodged            |    46 |    62 ||   108
  Block: Buckler           |    23 |    23 ||    46

Table legend: (Time is in decaauts)
 A = Elapsed time spent in this place.
 B = Non-inter-level travel time spent in this place.
 C = Inter-level travel time spent in this place.
 D = Time resting spent in this place.
 E = Time spent auto-exploring this place.
 F = Levels seen in this place.
 G = Mean time per level.
                   A        B        C        D        E       F      G
               +--------+--------+--------+--------+--------+-----+--------+
         Total |   2889 |   2797 |     92 |    190 |   2064 |   4 |  722.2 |
       Dungeon |   2889 |   2797 |     92 |    190 |   2064 |   4 |  722.2 |
               +--------+--------+--------+--------+--------+-----+--------+

Top non-repeatable levels by time:
     D:3: 1008 daAuts
     D:1: 870 daAuts
     D:2: 738 daAuts
     D:4: 271 daAuts
